 Dungeon Crawl Stone Soup version 0.31-a0-1467-g53b6572822 (webtiles) character file.

Game seed: 15016560711687103401

4 night the Ruffian (level 1, 0/19 HPs)
             Began as a Ghoul Monk on Dec 28, 2023.
             Slain by a gnoll
             ... wielding a +0 spear
              (5 damage)
             ... on level 1 of the Dungeon.
             The game lasted 00:00:24 (97 turns).

night the Ruffian (Ghoul Monk)                        Turns: 97, Time: 00:00:24

Health: 0/19       AC:  2    Str: 14    XL:     1   Next: 60%
Magic:  1/1        EV: 12    Int:  9    God:
Gold:   15         SH:  0    Dex: 11    Spells: 0/0 levels left

rFire   . .          .
                       - Unarmed
rCold   + . .        c - orb {light}
rNeg    + + +        a - +0 robe
rPois   ∞            (no helmet)
rElec   .            (no cloak)
rCorr   .            (no gloves)
SInv    .            (no boots)
Will    .....        (no amulet)
Stlth   +            (no ring)
HPRegen 0.00/turn    (no ring)
MPRegen 0.07/turn

%: no passive effects
@: inhibited regen, glowing
A: claws 1, cold resistance 1, negative energy resistance 3, inhibited
regeneration, torment resistance 2, devour on kill
a: no special abilities


You were on level 1 of the Dungeon.
You visited 1 branch of the dungeon, and saw 1 of its levels.

You collected 15 gold pieces.

Inventory:

Armour
 a - a +0 robe (worn)
 c - an orb of light (worn)
Scrolls
 e - a scroll of enchant weapon {unknown}
 f - a scroll of immolation {unknown}
Potions
 b - a potion of ambrosia
 d - a potion of haste {unknown}


   Skills:
 + Level 3.3 Fighting
 + Level 2.8 Dodging
 + Level 3.4 Unarmed Combat


You couldn't memorise any spells.
You didn't know any spells.
Your spell library was empty.

Dungeon Overview and Level Annotations

Branches:
Dungeon (1/15)

Altars:


Innate Abilities, Weirdness & Mutations

You are immune to poison.
You have sharp fingernails.
Your flesh is cold resistant. (rC+)
You are immune to negative energy. (rN+++)
You do not regenerate when monsters are visible.
You are immune to unholy pain and torment.
You thrive by killing the living.


Message History

You kill the endoplasm!
No target in view!
HP restored.
d - a golden potion You now have 15 gold pieces (gained 8).
e - a scroll labelled IXERCH ZURARE
f - a scroll labelled GAGIHA LEROU A bat comes into view.
The bat barely misses you. x2
You barely miss the bat. The bat hits you but does no damage.
The bat misses you. The bat closely misses you.
You scratch the bat.
The bat is moderately wounded.
The bat barely misses you. The bat misses you.
You scratch the bat.
The bat is heavily wounded.
The bat hits you but does no damage. The bat closely misses you.
The bat hits you but does no damage.
You barely miss the bat.
The bat is heavily wounded.
The bat hits you but does no damage.
You scratch the bat.
You kill the bat!
No target in view!
A gnoll comes into view. It is wielding a +0 spear.
The gnoll shouts!
The gnoll hits you from afar with a +0 spear!
The gnoll barely misses you.
You scratch the gnoll.
The gnoll is moderately wounded.
The gnoll hits you with a +0 spear!
* * * LOW HITPOINT WARNING * * *
You scratch the gnoll but do no damage.
The gnoll is moderately wounded.
The gnoll misses you.
You scratch the gnoll but do no damage.
The gnoll is moderately wounded.
The gnoll hits you with a +0 spear.
You die...

#.###......
#.##.......
############.##.....#.
......................
#######.####.#...##...
#.....# #.#.####...
####.##### #...# #...
#....# ##..## #...
#@#### #...# #... #g#
#..## ##.. #.# ####
#... ..# #... ### #...
#... #... ##.. ##.


You could see a gnoll.

Vanquished Creatures
  A bat (D:1)
  An endoplasm (D:1)
  A goblin (D:1)
3 creatures vanquished.

Notes
Turn   | Place    | Note
-------+----------+-------------------------------------------
     0 | D:1      | night the Ghoul Monk began the quest for the Orb.
     0 | D:1      | Reached XP level 1. HP: 19/19 MP: 1/1
    97 | D:1      | Slain by a gnoll

Illustrated notes

Levels and vault maps discovered:
D:1:      saegor_arrival_simple_a, layout_rooms, serial_shops,
          nicolae_shop_tiny_statue_garden

Action                     || total
---------------------------++-------
  Melee: Unarmed           ||    16
 Armour: Robe              ||     9
  Dodge: Dodged            ||    12

Table legend: (Time is in decaauts)
 A = Elapsed time spent in this place.
 B = Non-inter-level travel time spent in this place.
 C = Inter-level travel time spent in this place.
 D = Time resting spent in this place.
 E = Time spent auto-exploring this place.
 F = Levels seen in this place.
 G = Mean time per level.
                   A        B        C        D        E       F      G
               +--------+--------+--------+--------+--------+-----+--------+
         Total |     96 |     96 |      0 |      0 |     69 |   1 |   96.0 |
       Dungeon |     96 |     96 |      0 |      0 |     69 |   1 |   96.0 |
               +--------+--------+--------+--------+--------+-----+--------+

Top non-repeatable levels by time:
     D:1: 96 daAuts
